 Dungeon Crawl Stone Soup version 0.26-a0-639-g72c4674329 (webtiles) character file.

Game seed: 3634118800181019924

19 Peloso the Skirmisher (level 2, 0/24 HPs)
             Began as a Demonspawn Fighter on Sept 18, 2020.
             Succumbed to a goblin's poison
             ... on level 1 of the Dungeon.
             The game lasted 00:00:46 (148 turns).

Peloso the Skirmisher (Demonspawn Fighter)           Turns: 148, Time: 00:00:46

Health: 0/24       AC:  6    Str: 16    XL:     2   Next: 55%
Magic:  2/2        EV:  6    Int:  9    God:
Gold:   9          SH:  8    Dex: 12    Spells: 1/1 levels left

rFire    . . .     SeeInvis .   a - +0 long sword
rCold    . . .     Faith    .   c - +0 kite shield
rNeg     . . .     Spirit   .   b - +0 scale mail
rPois    .         Reflect  .   (no helmet)
rElec    .         Harm     .   (no cloak)
rCorr    .         Rampage  .   (no gloves)
MR       .....                  (no boots)
Stlth    ..........             (no amulet)
HPRegen  0.08/turn              (no ring)
MPRegen  0.08/turn              (no ring)

@: lethally poisoned (0 -> -18)
A: demonic guardian 1
a: no special abilities


You were on level 1 of the Dungeon.
You visited 1 branch of the dungeon, and saw 1 of its levels.

You collected 9 gold pieces.

Inventory:

Hand Weapons
 a - a +0 long sword (weapon)
Armour
 b - a +0 scale mail (worn)
 c - a +0 kite shield (worn)
Potions
 d - a potion of might


   Skills:
 + Level 3.2 Fighting
 + Level 1.9 Long Blades
 + Level 3.0 Armour
 + Level 2.9 Shields


You had one spell level left.
You didn't know any spells.
Your spell library was empty.

Dungeon Overview and Level Annotations

Branches:
Dungeon (1/15)

Altars:


Innate Abilities, Weirdness & Mutations

A weak demonic guardian rushes to your aid.


Message History

You block the goblin's attack.
The hobgoblin hits you but does no damage.
Unknown command.
You closely miss the goblin.
You feel sick. The goblin hits you but does no damage.
The hobgoblin hits you with a +0 club.
* * * LOW HITPOINT WARNING * * *
You slash the goblin!
You kill the goblin!
* * * LOW HITPOINT WARNING * * *
You feel sick. The rat barely misses you.
You riposte.
You barely miss the rat. The hobgoblin hits you with a +0 club.
* * * LOW HITPOINT WARNING * * *
The rat bites you but does no damage.
* * * LOW HITPOINT WARNING * * *
You feel sick.
Items here: ( ) [ †.
Unknown command.
Okay, then.
Unknown command.
You die...

.... .....# .....
.....# ......
#..... ..!...
.##...### #...(..
....#...
#......####.....##
#.# #............
#.######..........
#@#h(hggg[........
#)gr#####.#.......
#....# #.#.......
#[..##.# #.#.......
#.## #..#
#.#)...... ...
##..###.........
..# #..).....$....
...
........##.###.....
..
######...#.#.......


You could see a hobgoblin and a rat.

Vanquished Creatures
  A dart slug (D:1)
  2 bats (D:1)
  2 giant cockroaches (D:1)
  4 goblins (D:1)
  2 hobgoblins (D:1)
  A frilled lizard (D:1)
  2 kobolds (D:1)
  A rat (D:1)
15 creatures vanquished.

Notes
Turn   | Place    | Note
-------+----------+-------------------------------------------
     0 | D:1      | Peloso the Demonspawn Fighter began the quest for the Orb.
     0 | D:1      | Reached XP level 1. HP: 18/18 MP: 1/1
    96 | D:1      | Gained mutation: A weak demonic guardian rushes to your
                  | aid. [demonic ancestry]
    96 | D:1      | Reached XP level 2. HP: 24/24 MP: 2/2
   147 | D:1      | HP: 1/24 [poisoned by a goblin]
   148 | D:1      | Succumbed to a goblin's poison

Illustrated notes

Levels and vault maps discovered:
D:1:      dpeg_arrival_fog, layout_rooms

Skill      XL: |  1  2 |
---------------+-------+-----
Armour         | 3 |  3.0
Fighting       | |  3.2
Long Blades    | |  1.9
Shields        | |  2.9

Action                   || total
-------------------------++-------
Melee: Long sword        ||    46
Armor: Scale mail        ||    19
Dodge: Dodged            ||    17
Block: Kite shield       ||    25
       Rpst.: Long sword ||     7

Table legend: (Time is in decaauts)
 A = Elapsed time spent in this place.
 B = Non-inter-level travel time spent in this place.
 C = Inter-level travel time spent in this place.
 D = Time resting spent in this place.
 E = Time spent auto-exploring this place.
 F = Levels seen in this place.
 G = Mean time per level.
                   A        B        C        D        E       F      G
               +--------+--------+--------+--------+--------+-----+--------+
         Total |    166 |    166 |      0 |      0 |     56 |   1 |  166.0 |
       Dungeon |    166 |    166 |      0 |      0 |     56 |   1 |  166.0 |
               +--------+--------+--------+--------+--------+-----+--------+

Top non-repeatable levels by time:
     D:1: 166 daAuts
